 Dungeon Crawl Stone Soup version 0.31.0-7-gf635a9b802 (console) character file.

Game seed: 8168781497878548314

3 Zeia the Chiller (level 1, 0/14 HPs)
             Began as a Draconian Ice Elementalist on Jan 23, 2024.
             Frozen to death by an endoplasm (4 damage)
             ... on level 1 of the Dungeon.
             The game lasted 00:00:54 (116 turns).

Zeia the Chiller (Draconian Ice Elementalist)        Turns: 116, Time: 00:00:54

Health: 0/14       AC:  4    Str: 10    XL:     1   Next: 41%
Magic:  0/3        EV: 12    Int: 15    God:
Gold:   14         SH:  0    Dex: 11    Spells: 3/4 levels left

rFire   . . .        (no weapon)
rCold   . . .        (no shield)
rNeg    . . .        (body armour unavailable)
rPois   .            (helmet restricted)
rElec   .            (no cloak)
rCorr   .            (no gloves)
SInv    .            (no boots)
Will    .....        (no amulet)
Stlth   ++           (no ring)
HPRegen 0.22/turn    (no ring)
MPRegen 0.08/turn

%: no passive effects
@: no status effects
A: AC +4, unfitting armour, cold-blooded
a: no special abilities


You were on level 1 of the Dungeon.
You visited 1 branch of the dungeon, and saw 1 of its levels.

You collected 14 gold pieces.

Inventory:

Scrolls
 b - a scroll of identify {unknown}
Potions
 a - a potion of magic


   Skills:
 - Level 1.7 Dodging
 - Level 1.7 Stealth
 + Level 2.1 Spellcasting
 + Level 4.1 Ice Magic


You had 3 spell levels left.
You knew the following spells:

 Your Spells              Type           Power      Damage    Failure   Level
a - Freeze                Ice            52%        1d6       4%          1

Your spell library contained the following spells:

 Spells                   Type           Power      Damage    Failure   Level
 Frozen Ramparts          Ice            26%        1d4       12%         3
 Ozocubu's Armour         Ice            13%        N/A       12%         3
 Summon Ice Beast         Ice/Summ       7%         N/A       28%         3


Dungeon Overview and Level Annotations

Branches:
Dungeon (1/15)

Altars:


Innate Abilities, Weirdness & Mutations

Your plain brown scales are hard. (AC +4)
You cannot fit into any form of body armour.
You are cold-blooded and may be slowed by cold attacks.


Message History

Aiming: Freeze (safe; 4% risk of failure)
Press: ? - help, Shift-Dir - straight line, f/p - endoplasm
Aim: an endoplasm (almost dead)
You freeze the endoplasm.
You kill the endoplasm!
The endoplasm hits you but does no damage.
You feel yourself speed up.
The endoplasm attacks as it pursues you!
The endoplasm closely misses you. The endoplasm freezes you.
You are frozen.
The endoplasm attacks as it pursues you!
The endoplasm hits you but does no damage.
Found a dagger.
The endoplasm attacks as it pursues you!
The endoplasm barely misses you.
Casting: Freeze (safe; 4% risk of failure)
Confirm with . or Enter, or press ? or * to list all spells.
Aiming: Freeze (safe; 4% risk of failure)
Press: ? - help, Shift-Dir - straight line, f - endoplasm
Aim: an endoplasm You freeze the endoplasm.
The endoplasm is moderately wounded.
The endoplasm freezes you.
You are frozen.
You feel yourself slow down.
Unknown command.
The endoplasm freezes you.
You are frozen.
* * * LOW HITPOINT WARNING * * *
You feel as though you will be slow longer.
The endoplasm attacks as it pursues you!
The endoplasm hits you but does no damage.
The endoplasm attacks as it pursues you!
The endoplasm barely misses you.
The endoplasm hits you but does no damage.
A dart slug comes into view.
You feel yourself speed up. The endoplasm freezes you.
You are frozen.
You die...

....'8.8+........#......#
######'###########......#
. #.......#..........# ..
##.................# ..
#..................# #.
#..(..............##
#.#..#.......)........##
.......†(..............#
##.###.................#..
#...........J.........
.............@...........
..####.....#..............
.. ##.#####.#........... #
#.# .............). #.#
#..............#
#........##..## #........#
#.. ......w..#


You could see a dart slug and an endoplasm.

Vanquished Creatures
  An endoplasm (D:1)
  A kobold (D:1)
  A rat (D:1)
3 creatures vanquished.

Notes
Turn   | Place    | Note
-------+----------+-------------------------------------------
     0 | D:1      | Zeia the Draconian Ice Elementalist began the quest for the
                  | Orb.
     0 | D:1      | Reached XP level 1. HP: 14/14 MP: 3/3
   116 | D:1      | Frozen to death by an endoplasm

Illustrated notes

Levels and vault maps discovered:
D:1:      giann_wishing_wells, layout_rooms, ebering_ecumenical_altar_webs

Action                     || total
---------------------------++-------
   Cast: Freeze            ||     7
 Armour: Skin              ||     6
  Dodge: Dodged            ||     3
